 Dungeon Crawl Stone Soup version 0.30-a0-799-g109b55a442 (webtiles) character file.

Game seed: 4713329341031028618

123 cheesebisquit the Digger (level 5, -2/28 HPs)
             Began as a Gargoyle Earth Elementalist on Feb 20, 2023.
             Slain by a gnoll
             ... wielding a +0 flail
              (6 damage)
             ... on level 2 of the Dungeon.
             The game lasted 00:04:02 (1867 turns).

cheesebisquit the Digger (GrEE)                     Turns: 1867, Time: 00:04:03

Health: -2/28      AC:  7    Str: 11    XL:     5   Next: 7%
Magic:  6/10       EV: 11    Int: 18    God:
Gold:   139        SH:  0    Dex: 10    Spells: 10/11 levels left

rFire   . . .      SeeInvis .    h - +2 mace (heavy)
rCold   . . .      Faith    .    (no shield)
rNeg    + . .      Spirit   .    a - +0 robe
rPois   ∞          Reflect  .    (no helmet)
rElec   +          Harm     .    (no cloak)
rCorr   .          Rampage  .    (no gloves)
Will    .....                    d - +0 pair of boots
Stlth   ++                       (no amulet)
HPRegen 0.24/turn                (no ring)
MPRegen 0.12/turn                (no ring)

@: very slightly contaminated
A: sickness immunity, AC +4, negative energy resistance 1, electricity
resistance, torment resistance 1, petrification resistance
a: no special abilities


You were on level 2 of the Dungeon.
You visited 1 branch of the dungeon, and saw 2 of its levels.

You collected 139 gold pieces.

Inventory:

Hand Weapons
 c - a +0 dagger
 h - a +2 heavy mace (weapon)
Armour
 a - a +0 robe (worn)
 d - a +0 pair of boots (worn)
Scrolls
 e - 3 scrolls of fog {unknown}
 g - 4 scrolls of identify {unknown}
 i - a scroll of fear {unknown}
Potions
 b - a potion of magic
 f - a potion of flight {unknown}


   Skills:
 - Level 1.5 Dodging
 - Level 2.1 Stealth
 + Level 3.5 Spellcasting
 - Level 0.7 Transmutations
 * Level 5.4 Earth Magic


You had 10 spell levels left.
You knew the following spells:

 Your Spells              Type           Power      Damage    Failure   Level
a - Sandblast             Erth           44%        2d11      1%          1

Your spell library contained the following spells:

 Spells                   Type           Power      Damage    Failure   Level
 Passwall                 Tmut/Erth      11%        N/A       7%          2
 Stone Arrow              Conj/Erth      26%        3d8       16%         3
 Petrify                  Tmut/Erth      14%        N/A       41%         4


Dungeon Overview and Level Annotations

Branches:
Dungeon (2/15)

Altars:

Shops:
D:1 [


Innate Abilities, Weirdness & Mutations

You are immune to sickness and miasma.
Your stone body is resilient. (AC +4)
You are immune to poison.
You resist negative energy. (rN+)
You are resistant to electric shocks. (rElec)
You are resistant to unholy torment.
You are immune to petrification.


Message History

Found a stone staircase leading down.
A goblin comes into view. It is wielding a +2 dagger of venom.
The goblin shouts!
The blast of sand hits the goblin!
You kill the goblin!
Things that are here:
a +2 dagger of venom; a goblin corpse You see here a rat corpse.
There is a stone staircase leading up here.
There is a stone staircase leading down here.
A gnoll comes into view. It is wielding a +3 spear.
A gnoll comes into view. It is wielding a +0 flail.
The gnoll shouts! x2; You hear a shout!
A gnoll comes into view. It is wielding a +0 flail.
Found a purple potion.
The blast of sand hits the gnoll!
The gnoll is almost dead.
The gnoll hits you from afar with a +3 spear.
The gnoll barely misses you. The gnoll hits you but does no damage.
The blast of sand hits the gnoll!
The gnoll is heavily wounded.
The gnoll barely misses you. x2
The gnoll attacks as you move away! The gnoll hits you with a +0 flail!
You are too injured to fight recklessly!
The gnoll misses you.
The blast of sand hits the gnoll!
You kill the gnoll!
The gnoll hits you with a +0 flail.
* * * LOW HITPOINT WARNING * * *
You have reached level 5!
Aiming: Sandblast (safe; 1% risk of failure)
Press: ? - help, Q - select action Shift-Dir - straight line, f - gnoll
Aim: a gnoll, wielding a +0 flail (heavily wounded, 85% to hit)
You miscast Sandblast.
You are very lightly contaminated with residual magic.
Nothing appears to happen.
The gnoll hits you from afar with a +3 spear.
* * * LOW HITPOINT WARNING * * *
The gnoll hits you with a +0 flail.
You die...

#...# #..#.#######
##. #.###
#......)..# ##..
###
##........#####..#
#.######.......##
#.### #########
#...# #>..#
####.### #.g@.#
#g####
#.............
#.......!.....
#..#.......... #.
#.......... #
#..........
#..........
#..........


You could see 2 gnolls.

Vanquished Creatures
  A phantom (D:2)
  A gnoll (D:2)
  5 ball pythons
  2 endoplasms (D:1)
  A giant cockroach (D:2)
  8 goblins
  4 hobgoblins (D:1)
  2 jackals (D:1)
  4 kobolds
  A bat (D:1)
  9 frilled lizards (D:1)
  3 rats
41 creatures vanquished.

Notes
Turn   | Place    | Note
-------+----------+-------------------------------------------
     0 | D:1      | cheesebisquit the Gargoyle Earth Elementalist began the
                  | quest for the Orb.
     0 | D:1      | Reached XP level 1. HP: 10/10 MP: 3/3
    48 | D:1      | Reached XP level 2. HP: 15/15 MP: 0/5
   130 | D:1      | Reached skill level 4 in Earth Magic
   508 | D:1      | Found Mupyilunt's Antique Armour Shop.
   627 | D:1      | Reached XP level 3. HP: 19/19 MP: 4/6
  1376 | D:2      | Noticed a phantom
  1382 | D:2      | Killed a phantom
  1383 | D:2      | Reached skill level 5 in Earth Magic
  1383 | D:2      | Reached XP level 4. HP: 18/24 MP: 3/9
  1867 | D:2      | Reached XP level 5. HP: 8/28 MP: 6/10
  1867 | D:2      | Slain by a gnoll

Illustrated notes

Levels and vault maps discovered:
D:1:      erik_arrival_triangle_small, layout_loops_ring, serial_shops,
          nicolae_diamond_shop, nicolae_hexahallways, minmay_misc_feat_alley,
          minmay_lizard_pond
D:2:      minmay_door_path, layout_rooms, serial_co_window_serial,
          co_window_corner_a, co_window_paths_b, co_window_paths_a,
          co_window_paths_b, co_window_of_opportunity_a,
          co_window_of_opportunity_c, co_window_corner_b, co_window_2corner,
          co_window_4corner_b, glass_columns_c, glass_columns_c,
          glass_columns_a, glass_columns_b, minmay_strange_pillars,
          hangedman_decor_lopped, uniq_natasha

Skill      XL: |  1  2  3 |
---------------+----------+-----
Earth Magic    | 4 5 |  5.4
Spellcasting   | 3 |  3.5
Dodging        | |  1.5
Stealth        | |  2.1
Transmutations | |  0.7

Action                     |  1- 3 |  4- 6 || total
---------------------------+-------+-------++-------
  Melee: Dagger            |     8 |       ||     8
   Cast: Sandblast         |    46 |     9 ||    55
 Armour: Robe              |    13 |     1 ||    14
  Dodge: Dodged            |     9 |     4 ||    13

Table legend: (Time is in decaauts)
 A = Elapsed time spent in this place.
 B = Non-inter-level travel time spent in this place.
 C = Inter-level travel time spent in this place.
 D = Time resting spent in this place.
 E = Time spent auto-exploring this place.
 F = Levels seen in this place.
 G = Mean time per level.
                   A        B        C        D        E       F      G
               +--------+--------+--------+--------+--------+-----+--------+
         Total |   1893 |   1848 |     45 |      0 |   1634 |   2 |  946.5 |
       Dungeon |   1893 |   1848 |     45 |      0 |   1634 |   2 |  946.5 |
               +--------+--------+--------+--------+--------+-----+--------+

Top non-repeatable levels by time:
     D:1: 1209 daAuts
     D:2: 683 daAuts
